 Dungeon Crawl Stone Soup version 0.20-a0-441-g89e74e4 (webtiles) character file.

2874 AlphabetPasta the Frost Mage (level 10, -18/63 HPs)
             Began as a Human Ice Elementalist on Jan 6, 2017.
             Was a Believer of Vehumet.
             Demolished by a two-headed ogre
             ... wielding a +0 giant club
              (22 damage)
             ... on level 7 of the Dungeon.
             The game lasted 00:40:25 (8624 turns).

AlphabetPasta the Frost Mage (HuIE)                 Turns: 8624, Time: 00:40:26

Health: -18/63     AC:  6    Str:  5    XL:     10   Next: 5%
Magic:  9/19       EV: 13    Int: 19    God:    Vehumet [**....]
Gold:   244        SH:  0    Dex: 14    Spells: 11/21 levels left

rFire  x . .     SeeInvis +     e - +3 dagger (speed)
rCold  + + .     Gourm    .     r - +0 robe {rC+}
rNeg   . . .     Faith    .     (no shield)
rPois  +         Spirit   .     y - +0 helmet (curse)
rElec  +         Reflect  .     B - +0 cloak of Untold Secrets {+Fly rElec rPois Str-3}
rCorr  .         Harm     .     i - +1 pair of gloves
MR     .....                    (no boots)
Stlth  ++........               (no amulet)
                                p - ring of ice
                                E - ring of see invisible

@: no status effects
A: no striking features
a: Renounce Religion, Evoke Flight


You were on level 7 of the Dungeon.
You worshipped Vehumet.
Vehumet was pleased with you.
You were not hungry.

You visited 2 branches of the dungeon, and saw 9 of its levels.

You collected 481 gold pieces.
You spent 237 gold pieces at shops.

Inventory:

Hand Weapons
 e - a +3 dagger of speed (weapon)
 w - a +0 quarterstaff of draining
Missiles
 C - 5 tomahawks (quivered)
Armour
 a - a +0 robe
 i - a +1 pair of gloves (worn)
 r - a +0 robe of cold resistance (worn)
 y - a cursed +0 helmet (worn)
 B - the +0 cloak of Untold Secrets (worn) {+Fly rElec rPois Str-3}
   (You bought it in a shop on level 5 of the Dungeon)

   It affects your strength (-3).
   It insulates you from electricity.
   It protects you from poison.
   It lets you fly.
Jewellery
 k - a +1 ring of protection
 p - a ring of ice (right hand)
 E - a ring of see invisible (left hand)
Wands
 g - a wand of enslavement (15/24)
 A - a wand of confusion (0/48)
Scrolls
 j - 2 scrolls of remove curse
 n - 2 scrolls of magic mapping
 q - a scroll of fog
 s - 3 scrolls of teleportation
 G - a scroll of enchant armour
Potions
 d - 3 potions of brilliance
 f - a potion of agility
 h - a potion of ambrosia {unknown}
 o - a potion of invisibility {unknown}
 t - 2 potions of magic
 u - a potion of cancellation {unknown}
 v - a potion of curing
 x - a potion of flight {unknown}
 z - a potion of berserk rage {unknown}
 F - 2 potions of heal wounds {unknown}
Books
 b - a book of Frost

   Spells                             Type                      Level
   a - Freeze                         Ice                          1
   b - Throw Frost                    Conjuration/Ice              2
   c - Ozocubu's Armour               Charms/Ice                   3
   d - Throw Icicle                   Conjuration/Ice              4
   e - Summon Ice Beast               Ice/Summoning                4
Comestibles
 c - 7 bread rations
 l - a meat ration
 m - 2 beef jerkies


   Skills:
 + Level 2.9 Dodging
 - Level 2.0 Stealth
 + Level 6.1 Spellcasting
 + Level 6.2 Conjurations
 * Level 9.9 Ice Magic


You had 11 spell levels left.
You knew the following spells:

 Your Spells              Type           Power        Failure   Level  Hunger
a - Freeze                Ice            ####         1%          1    None
b - Throw Frost           Conj/Ice       ######       1%          2    None
c - Ozocubu's Armour      Chrm/Ice       #####...     4%          3    ##.....
d - Throw Icicle          Conj/Ice       ######..     4%          4    ####...


Dungeon Overview and Level Annotations

Branches:
Dungeon (8/15)             Temple (1/1) D:7
   Lair: D:8-11

Altars:
Ashenzari
Cheibriados
Dithmenos
Elyvilon
Fedhas
Gozag
Hepliaklqana
Kikubaaqudgha
Makhleb
Nemelex Xobeh
Okawaru
Qazlal
Ru
Sif Muna
Uskayaw
Vehumet
Xom
Yredelemnul
Zin
The Shining One

Shops:
D:5 [   D:6 :


Message History

Aim: a two-headed ogre, wielding two giant clubs (heavily wounded)
You feel a surge of power!
The shard of ice hits the two-headed ogre.
The two-headed ogre is severely wounded.
The two-headed ogre hits you with a giant club!!
* * * LOW HITPOINT WARNING * * *
The two-headed ogre hits you with a giant club.
* * * LOW HITPOINT WARNING * * *
Casting: Throw Icicle
Confirm with . or Enter, or press ? or * to list all spells.
Aiming: Throw Icicle
Press: ? - help, Shift-Dir - straight line, f/p - two-headed ogre
Aim: a two-headed ogre, wielding two giant clubs (severely wounded)
You feel a surge of power!
The shard of ice hits the two-headed ogre.
The two-headed ogre is almost dead.
You see here a trident.
The two-headed ogre barely misses you.
The two-headed ogre hits you with a giant club!!
You die...

#.#..>.........[.....[.###..
#............#.........# #..
#.........)..#.#######.####.
##.#....###....#######.##...
#.......(.....##...........
######(.....#....).#.....##....
#...........#.###....###.......
#..>....#...#..O.....#....##...
#......##.....@#.......#.###...
#......##..###.#)###.....# #...
#.......#......#........## #...
#...<.......#.....#......# ####
#......#....#.###.#.###..#
######.#....#.....#......## ##
#.##......#.....#....# #.
#.##..###?#.###.#....# ##
#.##......#.....#....# #)


You could see a two-headed ogre.

Vanquished Creatures
  2 hippogriffs
  Sigmund (D:5)
  A spriggan (D:7)
  2 orc warriors (D:7)
  2 sky beasts
  A black bear (D:7)
  A centaur (D:8)
  2 ogres (D:7)
  A big kobold (D:7)
  2 bullfrogs
  A wyvern skeleton (D:6)
  5 scorpions
  A wight (D:8)
  A howler monkey (D:4)
  3 crimson imps
  A centaur zombie (D:7)
  3 orc priests
  A jelly (D:8)
  Natasha (thrice) (D:2)
  An orc wizard (D:8)
  2 iguanas
  9 worker ants
  A killer bee zombie (D:7)
  A hound zombie (D:6)
  A hound skeleton (D:7)
  Robin (D:4)
  12 adders
  3 adder skeletons
  A worm (D:1)
  5 leopard geckos
  23 orcs
  9 giant cockroaches
  11 goblins
  13 hobgoblins
  4 jackals
  13 kobolds
  4 quokkas
  3 ball pythons
  13 bats
  7 frilled lizards
  A giant cockroach zombie (D:5)
  A leopard gecko skeleton (D:6)
  10 rats
183 creatures vanquished.

Notes
Turn   | Place    | Note
-------+----------+-------------------------------------------
     0 | D:1      | AlphabetPasta the Human Ice Elementalist began the quest for the Orb.
     0 | D:1      | Reached XP level 1. HP: 13/13 MP: 3/3
   249 | D:1      | Reached XP level 2. HP: 19/19 MP: 5/5
   253 | D:1      | Learned a level 2 spell: Throw Frost
   729 | D:1      | Found a sparkling altar of Nemelex Xobeh.
   770 | D:1      | Reached XP level 3. HP: 24/24 MP: 4/6
   775 | D:1      | Learned a level 3 spell: Ozocubu's Armour
  1269 | D:2      | Reached skill level 4 in Ice Magic
  1359 | D:2      | Reached XP level 4. HP: 30/30 MP: 3/7
  1420 | D:2      | Found a stormy altar of Qazlal.
  1424 | D:2      | Noticed Natasha
  1501 | D:2      | Killed Natasha
  1611 | D:2      | Noticed Natasha
  1619 | D:2      | Killed Natasha
  1619 | D:2      | Reached XP level 5. HP: 35/35 MP: 3/9
  1666 | D:2      | Noticed Natasha
  1675 | D:2      | Killed Natasha
  1756 | D:2      | Reached skill level 5 in Ice Magic
  2214 | D:2      | Found a shimmering altar of Xom.
  2291 | D:2      | You fall through a shaft for 2 floors!
  2513 | D:3      | Reached XP level 6. HP: 41/41 MP: 10/10
  2519 | D:3      | Learned a level 4 spell: Throw Icicle
  2612 | D:3      | Found a shadowy altar of Dithmenos.
  2801 | D:3      | You fall through a shaft for 2 floors!
  2801 | D:5      | Entered Level 5 of the Dungeon
  3511 | D:4      | Reached XP level 7. HP: 21/46 MP: 2/12
  4005 | D:4      | Reached skill level 6 in Ice Magic
  4060 | D:4      | Noticed Robin
  4065 | D:4      | Killed Robin
  4755 | D:5      | Found a shattered altar of Ashenzari.
  4756 | D:5      | Found a radiant altar of Vehumet.
  4763 | D:5      | Found an opulent altar of Gozag.
  4769 | D:5      | Became a worshipper of Vehumet
  4844 | D:5      | Noticed Sigmund
  4858 | D:5      | Killed Sigmund
  4858 | D:5      | Reached XP level 8. HP: 33/52 MP: 5/14
  5053 | D:5      | Reached skill level 7 in Ice Magic
  5115 | D:5      | Found a blossoming altar of Fedhas.
  5400 | D:5      | Found Bifeor's Antique Armour Shoppe.
  5409 | D:5      | Bought a crude cloak for 237 gold pieces
  5414 | D:5      | Identified the +0 cloak of Untold Secrets {+Fly rElec rPois Str-3} (You bought it in a shop on level 5 of the Dungeon)
  5673 | D:6      | Found a burning altar of Makhleb.
  5909 | D:6      | Found Garef's Book Shop.
  6298 | D:7      | Reached * piety under Vehumet
  6298 | D:7      | Offered knowledge of Magic Dart by Vehumet.
  6390 | D:7      | Found a staircase to the Ecumenical Temple.
  6421 | D:7      | Found an iron altar of Okawaru.
  6504 | D:7      | Found a basalt altar of Yredelemnul.
  6513 | D:7      | Found an ancient bone altar of Kikubaaqudgha.
  6557 | D:7      | Reached skill level 8 in Ice Magic
  6623 | D:7      | Noticed a hippogriff
  6635 | D:7      | Killed a hippogriff
  6635 | D:7      | Reached skill level 5 in Spellcasting
  6635 | D:7      | Reached skill level 5 in Conjurations
  6635 | D:7      | Reached XP level 9. HP: 44/57 MP: 8/16
  7145 | D:7      | Reached skill level 9 in Ice Magic
  7963 | D:8      | Offered knowledge of Shock by Vehumet.
  7970 | D:8      | Reached ** piety under Vehumet
  8136 | Temple   | Entered the Ecumenical Temple
  8279 | D:8      | Noticed a hippogriff
  8288 | D:8      | Killed a hippogriff
  8288 | D:8      | Reached XP level 10. HP: 34/63 MP: 11/19
  8538 | D:8      | Noticed a two-headed ogre
  8614 | D:7      | HP: 2/63 [two-headed ogre/giant club (3)]
  8624 | D:7      | Demolished by a two-headed ogre

Vault maps used:
D:1:      minmay_arrival_four_circles, nemelex_xobeh_ov_fountains_minmay
D:2:      minmay_wonky_spiral, overflow_temple_1_default, lemuel_doored_altar,
          minmay_pentomino_q4, uniq_natasha
D:3:      grunt_dithmenos_smoke
D:4:      first_bread, uniq_robin
D:5:      nicolae_overflow_hidden_temple, gammafunk_temple_overflow_forgotten,
          serial_shops, shop, serial_bayou_lagoon_a, uniq_sigmund
D:6:      bloody_makhleb, serial_shops, nicolae_shop_crystal
D:7:      hangedman_cross_stitches, minmay_overflow_temple_star_quad, the_bakery
D:8:      zaba_anthole, nicolae_sextant, minmay_misc_feat_secret_circle
Temple:   kb_temple_of_zot

Skill      XL: |  1  2  3  4  5  6  7  8  9 |
---------------+----------------------------+-----
Ice Magic      | 4 5 6 8 9 |  9.9
Conjurations   | 2 3 5 6 |  6.2
Spellcasting   | 3 4 5 6 |  6.1
Dodging        | |  2.9
Stealth        | |  2.0

Action                   |  1- 3 |  4- 6 |  7- 9 | 10-12 || total
-------------------------+-------+-------+-------+-------++-------
Melee: Dagger            |    11 |    32 |   129 |       ||   172
Throw: Tomahawk          |    11 |    19 |    21 |       ||    51
 Cast: Freeze            |    29 |    69 |   206 |    15 ||   319
       Throw Icicle      |       |       |     1 |     3 ||     4
       Throw Frost       |       |       |       |     2 ||     2
Evoke: Wand              |       |       |     8 |       ||     8
  Use: Scroll            |     5 |     6 |     6 |       ||    17
       Potion            |       |       |     1 |       ||     1
 Stab: Sleeping          |     6 |    15 |     8 |       ||    29
  Eat: Chunk             |     2 |     7 |     5 |       ||    14
       Meat ration       |       |       |     1 |       ||     1
       Pizza             |       |       |     1 |       ||     1
       Royal jelly       |       |       |     2 |       ||     2
Armor: Robe              |     4 |    28 |    57 |     1 ||    90
Dodge: Dodged            |    15 |    47 |   160 |    14 ||   236
